Philadelphia Phantoms vs Abbotsford Heat
Created - Thursday, May 25, 2023 at 09:56
Goals
|
| Philadelphia Phantoms |
2 |
2 |
2 |
0 |
1 |
7 |
| Abbotsford Heat |
0 |
4 |
2 |
0 |
0 |
6 |
|
Shots
|
| Philadelphia Phantoms |
6 |
16 |
22 |
4 |
3 |
48 |
| Abbotsford Heat |
4 |
16 |
14 |
1 |
3 |
35 |
|
1st period
1. Philadelphia Phantoms , Alexander Holtz 31 (Jaret Anderson-Dolan 37, Mason Shaw 16) at 6:28
2. Philadelphia Phantoms , Blake Lizotte 30 (Nick Cousins 43) at 14:14
Penalties :
Vincent Desharnais (ABH) for Hooking (Minor) at 14:55
2nd period
3. Abbotsford Heat , Cole Sillinger 29 (Ryan Merkley 24) at 1:29
4. Philadelphia Phantoms , Juuso Valimaki 6 (Unassisted) at 3:05
5. Abbotsford Heat , Bobby Brink 42 (Michael Anderson 23, Yakov Trenin 39) at 3:09
6. Abbotsford Heat , Bobby Brink 43 (Cole Perfetti 38) at 5:48
7. Philadelphia Phantoms , Jaret Anderson-Dolan 28 (Alexander Holtz 29, Brett Murray 13) at 6:24
8. Abbotsford Heat , Bobby Brink 44 (Yakov Trenin 40) at 8:06 (PP)
Penalties :
Derrick Pouliot (PHI) for Holding (Minor) at 7:08, Dennis Gilbert (ABH) for Interference (Minor) at 15:00
3rd period
9. Philadelphia Phantoms , Brad Hunt 4 (Nathan Bastian 45, Erik Gustafsson 21) at 15:18 (PP)
10. Philadelphia Phantoms , Mason Shaw 14 (Otto Koivula 18) at 17:23
11. Abbotsford Heat , Alex Limoges 7 (Michael Anderson 24, Benoit-Olivier Groulx 12) at 18:25
12. Abbotsford Heat , Bobby Brink 45 (Cole Perfetti 39, Wyatt Newpower 7) at 18:41
Penalties :
Michael Anderson (ABH) for Tripping (Minor) at 3:49, Tyson Foerster (PHI) for High sticking (Minor) at 10:37, Yakov Trenin (ABH) for Tripping (Minor) at 10:47, Benoit-Olivier Groulx (ABH) for Hooking (Minor) at 14:47, Dennis Gilbert (ABH) for Fighting (Major) at 19:22, Tyson Foerster (PHI) for Fighting (Major) at 19:22
Overtime #1
No Goal
Penalties :
No Penalty
Shootout
Philadelphia Phantoms, Nick Cousins - Shot Misses the Net
Abbotsford Heat, Yakov Trenin - Stopped by Connor Ingram
Philadelphia Phantoms, Blake Lizotte - Stopped by Dustin Wolf
Abbotsford Heat, Cole Sillinger - Stopped by Connor Ingram
Philadelphia Phantoms, Jaret Anderson-Dolan - Goal!
Abbotsford Heat, Bobby Brink - Stopped by Connor Ingram
Penalties :
No Penalty
Goalie Stats
Connor Ingram (PHI), 29 saves from 35 shots - (0.829), W, 22-12-4, 65:00 minutes
Dustin Wolf (ABH), 42 saves from 48 shots - (0.875), OTL, 11-18-4, 64:58 minutes
Players Stats for Philadelphia Phantoms
Player Name G A P +/- PIM S H SB GA TA FO MP PP MP PK MP
------------------------------------------------------------------------------------
Alex Steeves 0 0 0 -2 0 2 2 0 0 0 1/5 13:58 0:08 0:39
Alexander Holtz 1 1 2 1 0 2 0 0 2 0 0/0 14:21 2:55 0:00
Ben McCartney 0 0 0 0 0 4 1 1 0 0 0/0 15:13 0:18 0:00
Blake Lizotte 1 0 1 1 0 9 0 0 0 0 13/19 18:03 3:25 0:00
Brad Hunt 1 0 1 -1 0 2 1 0 1 2 0/0 24:23 3:20 0:00
Brett Murray 0 1 1 1 0 0 0 0 0 0 0/0 11:26 0:00 0:00
Casey Fitzgerald 0 0 0 2 0 0 0 0 1 0 0/0 14:59 0:00 0:24
Derrick Pouliot 0 0 0 -1 2 3 1 3 0 0 0/0 24:53 3:18 0:00
Erik Gustafsson 0 1 1 -1 0 3 1 2 1 0 0/0 24:47 3:30 0:00
Jack McBain 0 0 0 0 0 5 2 0 1 0 12/18 15:42 0:18 0:29
Jaret Anderson-Dolan 1 1 2 1 0 3 0 0 0 1 7/12 17:41 2:55 0:00
Juuso Valimaki 1 0 1 1 0 0 0 1 2 1 0/0 18:51 3:08 1:08
Mason Shaw 1 1 2 -2 0 4 1 0 1 0 7/15 12:55 0:00 0:00
Nathan Bastian 0 1 1 1 0 1 3 0 1 0 1/1 18:21 3:25 0:00
Nick Cousins 0 1 1 1 0 2 2 0 0 0 2/4 18:12 3:25 0:00
Otto Koivula 0 1 1 -2 0 2 1 0 0 0 0/0 13:34 0:00 0:39
Tyson Foerster 0 0 0 0 7 5 0 1 0 0 2/2 17:38 3:05 0:29
William Borgen 0 0 0 -1 0 1 4 1 0 0 0/0 22:05 0:00 0:44
Players Stats for Abbotsford Heat
Player Name G A P +/- PIM S H SB GA TA FO MP PP MP PK MP
------------------------------------------------------------------------------------
Alex Limoges 1 0 1 1 0 2 0 0 0 0 1/1 11:46 0:00 0:00
Benoit-Olivier Groulx 0 1 1 1 2 2 5 0 0 2 4/8 14:14 0:00 1:28
Bobby Brink 4 0 4 3 0 7 2 1 2 1 0/1 21:53 0:54 1:36
Cole Perfetti 0 2 2 3 0 5 0 1 0 0 1/2 21:53 0:54 1:36
Cole Sillinger 1 0 1 -3 0 5 0 0 0 0 4/9 21:40 0:14 3:27
Daniil Miromanov 0 0 0 1 0 1 1 3 0 0 0/0 13:34 0:00 0:00
Dennis Gilbert 0 0 0 0 7 1 2 1 0 1 0/0 20:38 0:42 2:49
Filip Chlapik 0 0 0 -1 0 0 2 0 0 0 1/2 10:09 0:00 1:30
Gabriel Fortier 0 0 0 -1 0 0 2 0 0 1 0/1 5:35 0:00 0:00
Jacob Peterson 0 0 0 0 0 3 1 3 1 1 2/3 16:36 0:00 0:00
Lane Pederson 0 0 0 -3 0 2 0 1 0 0 0/0 13:44 0:14 0:00
Michael Anderson 0 2 2 -1 2 1 5 1 0 2 0/0 29:21 0:26 2:29
Rafael Harvey-Pinard 0 0 0 -3 0 1 2 1 0 0 0/1 14:11 0:14 0:05
Ryan Merkley 0 1 1 -1 0 1 0 1 1 0 0/0 29:50 0:26 3:02
Shane Pinto 0 0 0 0 0 0 0 0 0 0 0/1 4:10 0:00 0:12
Vincent Desharnais 0 0 0 0 2 0 1 2 0 1 0/0 23:31 0:42 2:41
Wyatt Newpower 0 1 1 1 0 0 1 0 0 1 0/0 12:59 0:00 2:15
Yakov Trenin 0 2 2 3 2 4 1 1 0 0 18/47 25:43 0:53 3:22
3 Stars
1 - Bobby Brink (ABH)
2 - Alexander Holtz (PHI)
3 - Jaret Anderson-Dolan (PHI)
Power Play
Philadelphia Phantoms - 1 on 4 Attempt(s) - 25.00%
Abbotsford Heat - 1 on 3 Attempt(s) - 33.33%
Penalty Kill
Philadelphia Phantoms - 2 on 3 Attempt(s) - 66.67%
- Score 0 goal in Penalty Kill
Abbotsford Heat - 3 on 4 Attempt(s) - 75.00%
- Score 0 goal in Penalty Kill
Team Stat
Philadelphia Phantoms - Hits : 19 - Faceoff Wins : 45 - Blocked Shots : 9 - Penalty Minutes : 9
Abbotsford Heat - Hits : 25 - Faceoff Wins : 31 - Blocked Shots : 16 - Penalty Minutes : 15
Official
Referees : Unknown
Linesman : Unknown
Game Notes
3:05 of 2nd period - Penalty Shot by Juuso Valimaki for Philadelphia Phantoms - Goal!
Bobby Brink has scored a Hat Trick!
Dennis Gilbert beats up Tyson Foerster at 19:22 of 3rd period
Philadelphia Phantoms
5 vs 5 Forward
Center Left Wing Right Wing Time % Phy DF OF
1 Blake Lizotte Nick Cousins Nathan Bastian 25 0 3 2
2 Jaret Anderson-Dolan Brett Murray Alexander Holtz 25 0 3 2
3 Jack McBain Ben McCartney Tyson Foerster 25 0 3 2
4 Mason Shaw Otto Koivula Alex Steeves 25 0 3 2
5 vs 5 Defense
Defense Defense Time % Phy DF OF
1 Erik Gustafsson Derrick Pouliot 35 0 3 2
2 Brad Hunt William Borgen 35 0 3 2
3 Juuso Valimaki Casey Fitzgerald 30 0 3 2
4 Erik Gustafsson Derrick Pouliot 0 0 3 2
PowerPlay Forward
Center Left Wing Right Wing Time % Phy DF OF
1 Blake Lizotte Nick Cousins Nathan Bastian 50 0 1 4
2 Jaret Anderson-Dolan Tyson Foerster Alexander Holtz 50 0 1 4
PowerPlay Defense
Defense Defense Time % Phy DF OF
1 Erik Gustafsson Brad Hunt 50 0 1 4
2 Derrick Pouliot Juuso Valimaki 50 0 1 4
Penalty Kill 4 Players Forward
Center Wing Time % Phy DF OF
1 Jack McBain Tyson Foerster 50 0 4 1
2 Alex Steeves Otto Koivula 50 0 4 1
Penalty Kill 4 Players Defense
Defense Defense Time % Phy DF OF
1 Derrick Pouliot William Borgen 50 0 4 1
2 Juuso Valimaki Casey Fitzgerald 50 0 4 1
Penalty Kill - 3 Players Forward
Forward Time % Phy DF OF
1 Jack McBain 50 0 5 0
2 Tyson Foerster 50 0 5 0
Penalty Kill - 3 Players Defense
Defense Defense Time % Phy DF OF
1 Derrick Pouliot William Borgen 55 0 5 0
2 Juuso Valimaki Casey Fitzgerald 45 0 5 0
4 vs 4 Forward
Center Wing Time % Phy DF OF
1 Blake Lizotte Nick Cousins 50 0 3 2
2 Jaret Anderson-Dolan Nathan Bastian 50 0 3 2
4 vs 4 Defense
Defense Defense Time % Phy DF OF
1 Erik Gustafsson Derrick Pouliot 50 0 3 2
2 Brad Hunt William Borgen 50 0 3 2
Last Minutes Offensive
Center Left Wing Right Wing Defense Defense
Blake Lizotte Nick Cousins Nathan Bastian Erik Gustafsson Brad Hunt
Last Minutes Defensive
Center Left Wing Right Wing Defense Defense
Jack McBain Blake Lizotte Nathan Bastian Derrick Pouliot William Borgen
Goaltenders
Starting : Connor Ingram
Backup : Dereck Baribeau
Extra Forwards
Normal : Nick Cousins, Nathan Bastian, Jaret Anderson-Dolan - PP : Jack McBain, Nick Cousins - PK : Nathan Bastian
Extra Defensemen
Normal : Derrick Pouliot, Erik Gustafsson, William Borgen - PP : Derrick Pouliot - PK : Juuso Valimaki, Derrick Pouliot
Penalty Shots
Nick Cousins, Blake Lizotte, Jaret Anderson-Dolan, Jack McBain, Nathan Bastian
Abbotsford Heat
5 vs 5 Forward
Center Left Wing Right Wing Time % Phy DF OF
1 Yakov Trenin Cole Perfetti Bobby Brink 40 1 2 2
2 Cole Sillinger Rafael Harvey-Pinard Lane Pederson 30 1 2 2
3 Benoit-Olivier Groulx Alex Limoges Jacob Peterson 20 1 2 2
4 Jacob Peterson Gabriel Fortier Filip Chlapik 10 1 2 2
5 vs 5 Defense
Defense Defense Time % Phy DF OF
1 Michael Anderson Ryan Merkley 40 1 2 2
2 Vincent Desharnais Dennis Gilbert 30 1 2 2
3 Daniil Miromanov Wyatt Newpower 20 1 2 2
4 Michael Anderson Ryan Merkley 10 1 2 2
PowerPlay Forward
Center Left Wing Right Wing Time % Phy DF OF
1 Yakov Trenin Cole Perfetti Bobby Brink 60 1 2 2
2 Cole Sillinger Rafael Harvey-Pinard Lane Pederson 40 1 2 2
PowerPlay Defense
Defense Defense Time % Phy DF OF
1 Michael Anderson Ryan Merkley 60 1 2 2
2 Vincent Desharnais Dennis Gilbert 40 1 2 2
Penalty Kill 4 Players Forward
Center Wing Time % Phy DF OF
1 Yakov Trenin Cole Sillinger 60 1 2 2
2 Bobby Brink Cole Perfetti 40 1 2 2
Penalty Kill 4 Players Defense
Defense Defense Time % Phy DF OF
1 Michael Anderson Ryan Merkley 60 1 2 2
2 Vincent Desharnais Dennis Gilbert 40 1 2 2
Penalty Kill - 3 Players Forward
Forward Time % Phy DF OF
1 Yakov Trenin 60 1 2 2
2 Cole Sillinger 40 1 2 2
Penalty Kill - 3 Players Defense
Defense Defense Time % Phy DF OF
1 Michael Anderson Ryan Merkley 60 1 2 2
2 Vincent Desharnais Dennis Gilbert 40 1 2 2
4 vs 4 Forward
Center Wing Time % Phy DF OF
1 Yakov Trenin Cole Sillinger 60 1 2 2
2 Bobby Brink Cole Perfetti 40 1 2 2
4 vs 4 Defense
Defense Defense Time % Phy DF OF
1 Michael Anderson Ryan Merkley 60 1 2 2
2 Vincent Desharnais Dennis Gilbert 40 1 2 2
Last Minutes Offensive
Center Left Wing Right Wing Defense Defense
Yakov Trenin Cole Perfetti Bobby Brink Michael Anderson Ryan Merkley
Last Minutes Defensive
Center Left Wing Right Wing Defense Defense
Yakov Trenin Cole Perfetti Bobby Brink Michael Anderson Ryan Merkley
Goaltenders
Starting : Dustin Wolf
Backup : Pheonix Copley
Extra Forwards
Normal : Filip Chlapik, Shane Pinto, Benoit-Olivier Groulx - PP : Filip Chlapik, Shane Pinto - PK : Benoit-Olivier Groulx
Extra Defensemen
Normal : Daniil Miromanov, Wyatt Newpower, Vincent Desharnais - PP : Daniil Miromanov - PK : Wyatt Newpower, Vincent Desharnais
Penalty Shots
Yakov Trenin, Cole Sillinger, Bobby Brink, Cole Perfetti, Benoit-Olivier Groulx
% Time on Ice - Philadelphia Phantoms
Lines # - Real PCT - Wanted PCT - Time Play
Normal Forward
1 - 24% - 25% - 11:52
2 - 24% - 25% - 12:20
3 - 26% - 25% - 13:18
4 - 26% - 25% - 12:55
Normal Defense
1 - 34% - 35% - 17:21
2 - 35% - 35% - 17:53
3 - 29% - 30% - 14:35
4 - 1% - 0% - 0:36
PP Forward
1 - 54% - 50% - 3:33
2 - 46% - 50% - 3:05
PP Defense
1 - 53% - 50% - 3:30
2 - 47% - 50% - 3:08
PK Forward
1 - 43% - 50% - 0:29
2 - 57% - 50% - 0:39
PK Defense
1 - 65% - 50% - 0:44
2 - 35% - 50% - 0:24
PK3 Forward
1 - 0% - 50%
2 - 0% - 50%
PK3 Defense
1 - 0% - 55%
2 - 0% - 45%
44 Forward
1 - 50% - 50% - 3:24
2 - 50% - 50% - 3:25
44 Defense
1 - 49% - 50% - 3:20
2 - 51% - 50% - 3:29
Last Minute Offensive - 0:00
Last Minute Defensive - 0:00
Total
Forward - 65:00
Defense - 65:00
|
% Time on Ice - Abbotsford Heat
Lines # - Real PCT - Wanted PCT - Time Play
Normal Forward
1 - 38% - 40% - 19:18
2 - 27% - 30% - 13:46
3 - 23% - 20% - 11:46
4 - 11% - 10% - 5:35
Normal Defense
1 - 40% - 40% - 20:17
2 - 33% - 30% - 16:42
3 - 21% - 20% - 10:44
4 - 5% - 10% - 2:42
PP Forward
1 - 79% - 60% - 0:54
2 - 21% - 40% - 0:14
PP Defense
1 - 38% - 60% - 0:26
2 - 62% - 40% - 0:42
PK Forward
1 - 76% - 60% - 5:02
2 - 24% - 40% - 1:36
PK Defense
1 - 53% - 60% - 3:29
2 - 47% - 40% - 3:09
PK3 Forward
1 - 0% - 60%
2 - 0% - 40%
PK3 Defense
1 - 0% - 60%
2 - 0% - 40%
44 Forward
1 - 82% - 60% - 5:36
2 - 18% - 40% - 1:13
44 Defense
1 - 62% - 60% - 4:14
2 - 38% - 40% - 2:35
Last Minute Offensive - 0:00
Last Minute Defensive - 0:00
Total
Forward - 65:00
Defense - 65:00
|
Play-by-Play
1st period
0:01 of 1st period - Blake Lizotte wins face-off versus Yakov Trenin in neutral zone.
0:26 of 1st period - Erik Gustafsson is hit by Rafael Harvey-Pinard and loses puck.
0:44 of 1st period - Icing by Derrick Pouliot.
0:45 of 1st period - Jack McBain wins face-off versus Benoit-Olivier Groulx in Philadelphia Phantoms zone.
1:42 of 1st period - Slapshot by Cole Sillinger.
1:42 of 1st period - Shot Misses the Net.
2:55 of 1st period - Slapshot by Cole Sillinger.
2:55 of 1st period - Shot Misses the Net.
3:24 of 1st period - Dennis Gilbert is hit by William Borgen and loses puck.
3:46 of 1st period - Dennis Gilbert is hit by Otto Koivula and loses puck.
4:53 of 1st period - Snap shot by Jacob Peterson.
4:53 of 1st period - Shot Misses the Net.
5:36 of 1st period - Vincent Desharnais is hit by Erik Gustafsson and loses puck.
6:24 of 1st period - Snap shot by Jaret Anderson-Dolan.
6:24 of 1st period - Shot Blocked by Jacob Peterson.
6:26 of 1st period - Snap shot by Alexander Holtz.
6:26 of 1st period - Shot Blocked by Daniil Miromanov.
6:28 of 1st period - Snap shot by Alexander Holtz.
6:28 of 1st period - Goal by Alexander Holtz - Philadelphia Phantoms : 1 - Abbotsford Heat : 0.
6:29 of 1st period - Mason Shaw wins face-off versus Bobby Brink in neutral zone.
6:54 of 1st period - Tyson Foerster is hit by Michael Anderson and loses puck.
7:04 of 1st period - Off-side.
7:05 of 1st period - Cole Sillinger wins face-off versus Jaret Anderson-Dolan in neutral zone.
8:16 of 1st period - Snap shot by Jack McBain.
8:16 of 1st period - Stopped by Dustin Wolf with a rebound.
8:18 of 1st period - Slapshot by William Borgen.
8:18 of 1st period - Deflect By Jack McBain.
8:18 of 1st period - Shot Blocked by Rafael Harvey-Pinard.
8:18 of 1st period - Puck is out of play.
8:19 of 1st period - Jaret Anderson-Dolan wins face-off versus Yakov Trenin in Abbotsford Heat zone.
9:09 of 1st period - Snap shot by Yakov Trenin.
9:09 of 1st period - Stopped by Connor Ingram with a rebound.
9:11 of 1st period - Snap shot by Michael Anderson.
9:11 of 1st period - Shot Misses the Net.
9:13 of 1st period - Snap shot by Yakov Trenin.
9:13 of 1st period - Stopped by Connor Ingram with a rebound.
9:15 of 1st period - Slapshot by Ryan Merkley.
9:15 of 1st period - Shot Blocked by Erik Gustafsson.
9:29 of 1st period - Snap shot by Yakov Trenin.
9:29 of 1st period - Shot Misses the Net.
9:39 of 1st period - Wrist shot by Cole Perfetti.
9:39 of 1st period - Stopped by Connor Ingram with a rebound.
9:43 of 1st period - Snap shot by Cole Perfetti.
9:43 of 1st period - Stopped by Connor Ingram with a rebound.
9:49 of 1st period - Wrist shot by Cole Perfetti.
9:49 of 1st period - Shot Misses the Net.
9:51 of 1st period - Snap shot by Yakov Trenin.
9:51 of 1st period - Deflect By Cole Perfetti.
9:51 of 1st period - Shot Misses the Net.
9:51 of 1st period - Puck is out of play.
9:52 of 1st period - Blake Lizotte wins face-off versus Rafael Harvey-Pinard in Philadelphia Phantoms zone.
10:19 of 1st period - Brad Hunt is hit by Michael Anderson and loses puck.
11:12 of 1st period - Icing by Juuso Valimaki.
11:13 of 1st period - Jack McBain wins face-off versus Benoit-Olivier Groulx in Philadelphia Phantoms zone.
11:13 of 1st period - Jack McBain is hit by Filip Chlapik.
11:23 of 1st period - Snap shot by Ben McCartney.
11:23 of 1st period - Deflect By Tyson Foerster.
11:23 of 1st period - Stopped by Dustin Wolf with a rebound.
11:59 of 1st period - Icing by Ryan Merkley.
12:00 of 1st period - Blake Lizotte wins face-off versus Gabriel Fortier in Abbotsford Heat zone.
12:55 of 1st period - Snap shot by Alexander Holtz.
12:55 of 1st period - Shot Misses the Net.
13:30 of 1st period - Slapshot by Cole Perfetti.
13:30 of 1st period - Shot Blocked by Derrick Pouliot.
13:42 of 1st period - Wrist shot by Rafael Harvey-Pinard.
13:42 of 1st period - Shot Misses the Net.
13:48 of 1st period - Ryan Merkley is hit by Jack McBain and loses puck.
14:08 of 1st period - Icing by Michael Anderson.
14:09 of 1st period - Blake Lizotte wins face-off versus Cole Sillinger in Abbotsford Heat zone.
14:12 of 1st period - Wrist shot by Nick Cousins.
14:12 of 1st period - Shot Misses the Net.
14:14 of 1st period - Slapshot by Blake Lizotte.
14:14 of 1st period - Goal by Blake Lizotte - Philadelphia Phantoms : 2 - Abbotsford Heat : 0.
14:15 of 1st period - Yakov Trenin wins face-off versus Nick Cousins in neutral zone.
14:55 of 1st period - Minor Penalty to Vincent Desharnais for Hooking.
14:56 of 1st period - Blake Lizotte wins face-off versus Yakov Trenin in Abbotsford Heat zone.
14:59 of 1st period - Slapshot by Blake Lizotte.
14:59 of 1st period - Stopped by Dustin Wolf with a rebound.
15:01 of 1st period - Snap shot by Nathan Bastian.
15:01 of 1st period - Stopped by Dustin Wolf without a rebound.
15:02 of 1st period - Nick Cousins wins face-off versus Yakov Trenin in Abbotsford Heat zone.
16:52 of 1st period - Blake Lizotte is hit by Michael Anderson and loses puck.
16:55 of 1st period - Penalty to Vincent Desharnais is over, Vincent Desharnais is back on ice.
17:07 of 1st period - Slapshot by Michael Anderson.
17:07 of 1st period - Shot Misses the Net.
17:15 of 1st period - Michael Anderson is hit by Mason Shaw.
19:10 of 1st period - Icing by Wyatt Newpower.
19:11 of 1st period - Blake Lizotte wins face-off versus Cole Sillinger in Abbotsford Heat zone.
19:12 of 1st period - Snap shot by Nathan Bastian.
19:12 of 1st period - Shot Blocked by Lane Pederson.
Goals for this period are 2 for Philadelphia Phantoms vs 0 for Abbotsford Heat.
Shots for this period are 6 for Philadelphia Phantoms vs 4 for Abbotsford Heat.
2nd period
0:01 of 2nd period - Yakov Trenin wins face-off versus Jack McBain in neutral zone.
0:26 of 2nd period - Michael Anderson is hit by Nathan Bastian.
0:34 of 2nd period - Wrist shot by Blake Lizotte.
0:34 of 2nd period - Shot Misses the Net.
0:48 of 2nd period - Wrist shot by Blake Lizotte.
0:48 of 2nd period - Stopped by Dustin Wolf with a rebound.
0:50 of 2nd period - Snap shot by Mason Shaw.
0:50 of 2nd period - Stopped by Dustin Wolf with a rebound.
0:52 of 2nd period - Wrist shot by Otto Koivula.
0:52 of 2nd period - Shot Misses the Net.
0:56 of 2nd period - Snap shot by Otto Koivula.
0:56 of 2nd period - Deflect By Mason Shaw.
0:56 of 2nd period - Stopped by Dustin Wolf without a rebound.
0:57 of 2nd period - Yakov Trenin wins face-off versus Jack McBain in Abbotsford Heat zone.
1:29 of 2nd period - Backhand shot by Cole Sillinger.
1:29 of 2nd period - Goal by Cole Sillinger - Philadelphia Phantoms : 2 - Abbotsford Heat : 1.
1:30 of 2nd period - Yakov Trenin wins face-off versus Blake Lizotte in neutral zone.
1:37 of 2nd period - Snap shot by Bobby Brink.
1:37 of 2nd period - Deflect By Yakov Trenin.
1:37 of 2nd period - Shot Blocked by William Borgen.
1:37 of 2nd period - Puck is out of play.
1:38 of 2nd period - Blake Lizotte wins face-off versus Yakov Trenin in Philadelphia Phantoms zone.
1:43 of 2nd period - Wrist shot by Nathan Bastian.
1:43 of 2nd period - Shot Misses the Net.
1:53 of 2nd period - Slapshot by Cole Perfetti.
1:53 of 2nd period - Stopped by Connor Ingram with a rebound.
2:11 of 2nd period - Wrist shot by Cole Sillinger.
2:11 of 2nd period - Deflect By Rafael Harvey-Pinard.
2:11 of 2nd period - Stopped by Connor Ingram without a rebound.
2:12 of 2nd period - Jaret Anderson-Dolan wins face-off versus Yakov Trenin in Philadelphia Phantoms zone.
2:21 of 2nd period - Wrist shot by Bobby Brink.
2:21 of 2nd period - Stopped by Connor Ingram without a rebound.
2:22 of 2nd period - Yakov Trenin wins face-off versus Jaret Anderson-Dolan in Philadelphia Phantoms zone.
2:35 of 2nd period - Wrist shot by Alexander Holtz.
2:35 of 2nd period - Shot Misses the Net.
2:37 of 2nd period - Wrist shot by Brett Murray.
2:37 of 2nd period - Shot Blocked by Vincent Desharnais.
2:39 of 2nd period - Slapshot by Erik Gustafsson.
2:39 of 2nd period - Stopped by Dustin Wolf with a rebound.
2:41 of 2nd period - Slapshot by Erik Gustafsson.
2:41 of 2nd period - Stopped by Dustin Wolf without a rebound.
2:42 of 2nd period - Jack McBain wins face-off versus Cole Sillinger in Abbotsford Heat zone.
2:43 of 2nd period - Snap shot by Tyson Foerster.
2:43 of 2nd period - Shot Misses the Net.
2:46 of 2nd period - Icing by Michael Anderson.
2:47 of 2nd period - Jack McBain wins face-off versus Cole Sillinger in Abbotsford Heat zone.
3:05 of 2nd period - Penalty Shot by Juuso Valimaki for Philadelphia Phantoms.
3:05 of 2nd period - Snap shot by Juuso Valimaki.
3:05 of 2nd period - Goal by Juuso Valimaki - Philadelphia Phantoms : 3 - Abbotsford Heat : 1.
3:06 of 2nd period - Mason Shaw wins face-off versus Yakov Trenin in neutral zone.
3:07 of 2nd period - Yakov Trenin wins face-off versus Mason Shaw in Philadelphia Phantoms zone.
3:07 of 2nd period - Backhand shot by Bobby Brink.
3:07 of 2nd period - Shot Misses the Net.
3:09 of 2nd period - Snap shot by Michael Anderson.
3:09 of 2nd period - Deflect By Bobby Brink.
3:09 of 2nd period - Goal by Bobby Brink - Philadelphia Phantoms : 3 - Abbotsford Heat : 2.
3:10 of 2nd period - Yakov Trenin wins face-off versus Mason Shaw in neutral zone.
3:35 of 2nd period - Ryan Merkley is hit by William Borgen and loses puck.
3:42 of 2nd period - Snap shot by Blake Lizotte.
3:42 of 2nd period - Stopped by Dustin Wolf with a rebound.
3:44 of 2nd period - Snap shot by Nathan Bastian.
3:44 of 2nd period - Shot Blocked by Michael Anderson.
3:46 of 2nd period - Snap shot by Blake Lizotte.
3:46 of 2nd period - Stopped by Dustin Wolf without a rebound.
3:47 of 2nd period - Jack McBain wins face-off versus Yakov Trenin in Abbotsford Heat zone.
3:50 of 2nd period - Wrist shot by Tyson Foerster.
3:50 of 2nd period - Stopped by Dustin Wolf with a rebound.
4:21 of 2nd period - Rafael Harvey-Pinard is hit by Alex Steeves and loses puck.
4:38 of 2nd period - Benoit-Olivier Groulx is hit by Nick Cousins and loses puck.
4:45 of 2nd period - Wrist shot by Blake Lizotte.
4:45 of 2nd period - Stopped by Dustin Wolf without a rebound.
4:46 of 2nd period - Jaret Anderson-Dolan wins face-off versus Yakov Trenin in Abbotsford Heat zone.
4:51 of 2nd period - Wrist shot by Alexander Holtz.
4:51 of 2nd period - Shot Blocked by Cole Perfetti.
5:13 of 2nd period - Wrist shot by Ben McCartney.
5:13 of 2nd period - Stopped by Dustin Wolf without a rebound.
5:14 of 2nd period - Jack McBain wins face-off versus Jacob Peterson in Abbotsford Heat zone.
5:46 of 2nd period - Snap shot by Bobby Brink.
5:46 of 2nd period - Shot Misses the Net.
5:48 of 2nd period - Wrist shot by Bobby Brink.
5:48 of 2nd period - Goal by Bobby Brink - Philadelphia Phantoms : 3 - Abbotsford Heat : 3.
5:49 of 2nd period - Yakov Trenin wins face-off versus Blake Lizotte in neutral zone.
6:24 of 2nd period - Wrist shot by Jaret Anderson-Dolan.
6:24 of 2nd period - Goal by Jaret Anderson-Dolan - Philadelphia Phantoms : 4 - Abbotsford Heat : 3.
6:25 of 2nd period - Yakov Trenin wins face-off versus Mason Shaw in neutral zone.
7:08 of 2nd period - Minor Penalty to Derrick Pouliot for Holding.
7:09 of 2nd period - Yakov Trenin wins face-off versus Jack McBain in Philadelphia Phantoms zone.
7:29 of 2nd period - William Borgen is hit by Vincent Desharnais and loses puck.
7:48 of 2nd period - Slapshot by Yakov Trenin.
7:48 of 2nd period - Shot Misses the Net.
7:50 of 2nd period - Slapshot by Dennis Gilbert.
7:50 of 2nd period - Stopped by Connor Ingram without a rebound.
7:51 of 2nd period - Cole Sillinger wins face-off versus Alex Steeves in Philadelphia Phantoms zone.
7:54 of 2nd period - Wrist shot by Cole Sillinger.
7:54 of 2nd period - Stopped by Connor Ingram with a rebound.
7:56 of 2nd period - Slapshot by Lane Pederson.
7:56 of 2nd period - Stopped by Connor Ingram without a rebound.
7:57 of 2nd period - Cole Sillinger wins face-off versus Alex Steeves in Philadelphia Phantoms zone.
8:00 of 2nd period - Wrist shot by Cole Sillinger.
8:00 of 2nd period - Shot Misses the Net.
8:02 of 2nd period - Wrist shot by Lane Pederson.
8:02 of 2nd period - Shot Misses the Net.
8:04 of 2nd period - Snap shot by Lane Pederson.
8:04 of 2nd period - Stopped by Connor Ingram without a rebound.
8:05 of 2nd period - Yakov Trenin wins face-off versus Alex Steeves in Philadelphia Phantoms zone.
8:06 of 2nd period - Wrist shot by Bobby Brink.
8:06 of 2nd period - Goal by Bobby Brink - Philadelphia Phantoms : 4 - Abbotsford Heat : 4.
8:07 of 2nd period - Tyson Foerster wins face-off versus Yakov Trenin in neutral zone.
8:10 of 2nd period - Cole Perfetti is hit by Jack McBain and loses puck.
8:33 of 2nd period - Dennis Gilbert is hit by Alex Steeves and loses puck.
9:17 of 2nd period - Wrist shot by Cole Perfetti.
9:17 of 2nd period - Shot Blocked by Juuso Valimaki.
9:19 of 2nd period - Slapshot by Ryan Merkley.
9:19 of 2nd period - Shot Misses the Net.
9:42 of 2nd period - Rafael Harvey-Pinard is hit by William Borgen and loses puck.
10:07 of 2nd period - Snap shot by Mason Shaw.
10:07 of 2nd period - Shot Blocked by Jacob Peterson.
10:37 of 2nd period - Jacob Peterson is hit by Nick Cousins and loses puck.
10:50 of 2nd period - Wrist shot by Cole Sillinger.
10:50 of 2nd period - Stopped by Connor Ingram with a rebound.
11:04 of 2nd period - Casey Fitzgerald is hit by Yakov Trenin and loses puck.
11:45 of 2nd period - Brad Hunt is hit by Gabriel Fortier and loses puck.
11:51 of 2nd period - Off-side.
11:52 of 2nd period - Yakov Trenin wins face-off versus Blake Lizotte in neutral zone.
12:07 of 2nd period - Wrist shot by Nick Cousins.
12:07 of 2nd period - Shot Misses the Net.
12:27 of 2nd period - Snap shot by Rafael Harvey-Pinard.
12:27 of 2nd period - Shot Blocked by Tyson Foerster.
13:16 of 2nd period - Slapshot by Derrick Pouliot.
13:16 of 2nd period - Stopped by Dustin Wolf with a rebound.
13:42 of 2nd period - Wrist shot by Jack McBain.
13:42 of 2nd period - Stopped by Dustin Wolf with a rebound.
13:52 of 2nd period - Snap shot by Jacob Peterson.
13:52 of 2nd period - Shot Misses the Net.
13:54 of 2nd period - Snap shot by Jacob Peterson.
13:54 of 2nd period - Stopped by Connor Ingram without a rebound.
13:55 of 2nd period - Yakov Trenin wins face-off versus Mason Shaw in Philadelphia Phantoms zone.
14:07 of 2nd period - Off-side.
14:08 of 2nd period - Jaret Anderson-Dolan wins face-off versus Yakov Trenin in neutral zone.
14:35 of 2nd period - Rafael Harvey-Pinard is hit by Brad Hunt and loses puck.
14:58 of 2nd period - Wrist shot by Otto Koivula.
14:58 of 2nd period - Shot Blocked by Jacob Peterson.
15:00 of 2nd period - Minor Penalty to Dennis Gilbert for Interference.
15:01 of 2nd period - Jaret Anderson-Dolan wins face-off versus Yakov Trenin in Abbotsford Heat zone.
17:00 of 2nd period - Penalty to Dennis Gilbert is over, Dennis Gilbert is back on ice.
17:06 of 2nd period - Mason Shaw is hit by Wyatt Newpower and loses puck.
17:13 of 2nd period - Wrist shot by Jacob Peterson.
17:13 of 2nd period - Stopped by Connor Ingram without a rebound.
17:14 of 2nd period - Mason Shaw wins face-off versus Yakov Trenin in Philadelphia Phantoms zone.
18:07 of 2nd period - Snap shot by Cole Sillinger.
18:07 of 2nd period - Stopped by Connor Ingram with a rebound.
18:23 of 2nd period - Casey Fitzgerald is hit by Michael Anderson and loses puck.
18:35 of 2nd period - Icing by Michael Anderson.
18:36 of 2nd period - Jaret Anderson-Dolan wins face-off versus Yakov Trenin in Abbotsford Heat zone.
18:47 of 2nd period - Wrist shot by Yakov Trenin.
18:47 of 2nd period - Shot Blocked by Derrick Pouliot.
18:49 of 2nd period - Slapshot by Michael Anderson.
18:49 of 2nd period - Shot Blocked by Erik Gustafsson.
18:51 of 2nd period - Wrist shot by Yakov Trenin.
18:51 of 2nd period - Stopped by Connor Ingram with a rebound.
18:58 of 2nd period - Icing by Erik Gustafsson.
18:59 of 2nd period - Blake Lizotte wins face-off versus Cole Sillinger in Philadelphia Phantoms zone.
19:24 of 2nd period - Snap shot by Ben McCartney.
19:24 of 2nd period - Shot Blocked by Dennis Gilbert.
19:26 of 2nd period - Wrist shot by Tyson Foerster.
19:26 of 2nd period - Stopped by Dustin Wolf with a rebound.
19:28 of 2nd period - Backhand shot by Tyson Foerster.
19:28 of 2nd period - Stopped by Dustin Wolf with a rebound.
19:34 of 2nd period - Snap shot by Ben McCartney.
19:34 of 2nd period - Deflect By Tyson Foerster.
19:34 of 2nd period - Stopped by Dustin Wolf with a rebound.
19:44 of 2nd period - William Borgen is hit by Benoit-Olivier Groulx and loses puck.
Goals for this period are 2 for Philadelphia Phantoms vs 4 for Abbotsford Heat.
Shots for this period are 16 for Philadelphia Phantoms vs 16 for Abbotsford Heat.
3rd period
0:01 of 3rd period - Blake Lizotte wins face-off versus Yakov Trenin in neutral zone.
0:14 of 3rd period - Snap shot by Blake Lizotte.
0:14 of 3rd period - Shot Blocked by Yakov Trenin.
0:16 of 3rd period - Wrist shot by Nick Cousins.
0:16 of 3rd period - Shot Misses the Net.
0:53 of 3rd period - Otto Koivula is hit by Dennis Gilbert and loses puck.
1:38 of 3rd period - Snap shot by Nick Cousins.
1:38 of 3rd period - Stopped by Dustin Wolf without a rebound.
1:39 of 3rd period - Yakov Trenin wins face-off versus Blake Lizotte in Abbotsford Heat zone.
2:43 of 3rd period - Off-side.
2:44 of 3rd period - Mason Shaw wins face-off versus Yakov Trenin in neutral zone.
3:16 of 3rd period - Snap shot by Jack McBain.
3:16 of 3rd period - Stopped by Dustin Wolf with a rebound.
3:18 of 3rd period - Slapshot by Juuso Valimaki.
3:18 of 3rd period - Shot Blocked by Daniil Miromanov.
3:22 of 3rd period - Wrist shot by Jack McBain.
3:22 of 3rd period - Deflect By Cole Sillinger.
3:22 of 3rd period - Shot Misses the Net.
3:22 of 3rd period - Puck is out of play.
3:23 of 3rd period - Blake Lizotte wins face-off versus Yakov Trenin in Abbotsford Heat zone.
3:30 of 3rd period - Snap shot by Blake Lizotte.
3:30 of 3rd period - Shot Misses the Net.
3:32 of 3rd period - Slapshot by Brad Hunt.
3:32 of 3rd period - Stopped by Dustin Wolf without a rebound.
3:33 of 3rd period - Blake Lizotte wins face-off versus Yakov Trenin in Abbotsford Heat zone.
3:36 of 3rd period - Slapshot by Nathan Bastian.
3:36 of 3rd period - Deflect By Blake Lizotte.
3:36 of 3rd period - Stopped by Dustin Wolf without a rebound.
3:37 of 3rd period - Jack McBain wins face-off versus Yakov Trenin in Abbotsford Heat zone.
3:38 of 3rd period - Slapshot by Ben McCartney.
3:38 of 3rd period - Stopped by Dustin Wolf with a rebound.
3:40 of 3rd period - Snap shot by Ben McCartney.
3:40 of 3rd period - Stopped by Dustin Wolf without a rebound.
3:41 of 3rd period - Tyson Foerster wins face-off versus Yakov Trenin in Abbotsford Heat zone.
3:49 of 3rd period - Minor Penalty to Michael Anderson for Tripping.
3:50 of 3rd period - Jaret Anderson-Dolan wins face-off versus Yakov Trenin in Abbotsford Heat zone.
5:00 of 3rd period - Derrick Pouliot is hit by Benoit-Olivier Groulx and loses puck.
5:07 of 3rd period - Derrick Pouliot is hit by Benoit-Olivier Groulx.
5:11 of 3rd period - Tyson Foerster is hit by Benoit-Olivier Groulx and loses puck.
5:49 of 3rd period - Penalty to Michael Anderson is over, Michael Anderson is back on ice.
5:58 of 3rd period - Snap shot by Cole Perfetti.
5:58 of 3rd period - Stopped by Connor Ingram with a rebound.
6:04 of 3rd period - Wrist shot by Bobby Brink.
6:04 of 3rd period - Stopped by Connor Ingram without a rebound.
6:05 of 3rd period - Benoit-Olivier Groulx wins face-off versus Mason Shaw in Philadelphia Phantoms zone.
6:06 of 3rd period - Snap shot by Jacob Peterson.
6:06 of 3rd period - Shot Misses the Net.
6:08 of 3rd period - Slapshot by Michael Anderson.
6:08 of 3rd period - Stopped by Connor Ingram without a rebound.
6:09 of 3rd period - Mason Shaw wins face-off versus Benoit-Olivier Groulx in Philadelphia Phantoms zone.
6:40 of 3rd period - Snap shot by Cole Perfetti.
6:40 of 3rd period - Stopped by Connor Ingram with a rebound.
6:56 of 3rd period - Erik Gustafsson is hit by Rafael Harvey-Pinard and loses puck.
7:29 of 3rd period - Slapshot by Derrick Pouliot.
7:29 of 3rd period - Deflect By Blake Lizotte.
7:29 of 3rd period - Stopped by Dustin Wolf with a rebound.
7:43 of 3rd period - Slapshot by Juuso Valimaki.
7:43 of 3rd period - Shot Hit the Post.
7:45 of 3rd period - Snap shot by Otto Koivula.
7:45 of 3rd period - Stopped by Dustin Wolf with a rebound.
7:47 of 3rd period - Wrist shot by Mason Shaw.
7:47 of 3rd period - Stopped by Dustin Wolf with a rebound.
7:49 of 3rd period - Wrist shot by Mason Shaw.
7:49 of 3rd period - Shot Blocked by Bobby Brink.
7:51 of 3rd period - Wrist shot by Casey Fitzgerald.
7:51 of 3rd period - Deflect By Alex Steeves.
7:51 of 3rd period - Stopped by Dustin Wolf with a rebound.
8:29 of 3rd period - Casey Fitzgerald is hit by Dennis Gilbert and loses puck.
8:40 of 3rd period - Nathan Bastian is hit by Bobby Brink and loses puck.
8:51 of 3rd period - Wrist shot by Brad Hunt.
8:51 of 3rd period - Shot Misses the Net.
9:01 of 3rd period - Wrist shot by Otto Koivula.
9:01 of 3rd period - Stopped by Dustin Wolf with a rebound.
9:03 of 3rd period - Snap shot by William Borgen.
9:03 of 3rd period - Stopped by Dustin Wolf without a rebound.
9:04 of 3rd period - Mason Shaw wins face-off versus Yakov Trenin in Abbotsford Heat zone.
9:07 of 3rd period - Snap shot by Mason Shaw.
9:07 of 3rd period - Deflect By Alex Steeves.
9:07 of 3rd period - Stopped by Dustin Wolf with a rebound.
9:13 of 3rd period - Derrick Pouliot is hit by Bobby Brink and loses puck.
9:33 of 3rd period - Slapshot by Derrick Pouliot.
9:33 of 3rd period - Stopped by Dustin Wolf with a rebound.
9:49 of 3rd period - Wrist shot by Rafael Harvey-Pinard.
9:49 of 3rd period - Shot Misses the Net.
10:00 of 3rd period - Snap shot by Jaret Anderson-Dolan.
10:00 of 3rd period - Stopped by Dustin Wolf with a rebound.
10:02 of 3rd period - Wrist shot by Alexander Holtz.
10:02 of 3rd period - Stopped by Dustin Wolf without a rebound.
10:03 of 3rd period - Jack McBain wins face-off versus Yakov Trenin in Abbotsford Heat zone.
10:04 of 3rd period - Wrist shot by Ben McCartney.
10:04 of 3rd period - Deflect By Cole Perfetti.
10:04 of 3rd period - Stopped by Dustin Wolf without a rebound.
10:05 of 3rd period - Jack McBain wins face-off versus Yakov Trenin in Abbotsford Heat zone.
10:09 of 3rd period - Icing by Dennis Gilbert.
10:10 of 3rd period - Yakov Trenin wins face-off versus Jack McBain in Abbotsford Heat zone.
10:37 of 3rd period - Minor Penalty to Tyson Foerster for High sticking.
10:38 of 3rd period - Alex Steeves wins face-off versus Yakov Trenin in Philadelphia Phantoms zone.
10:47 of 3rd period - Minor Penalty to Yakov Trenin for Tripping.
10:48 of 3rd period - Blake Lizotte wins face-off versus Filip Chlapik in Abbotsford Heat zone.
10:52 of 3rd period - Snap shot by Nick Cousins.
10:52 of 3rd period - Shot Misses the Net.
12:10 of 3rd period - Erik Gustafsson is hit by Benoit-Olivier Groulx and loses puck.
12:34 of 3rd period - Icing by Nick Cousins.
12:35 of 3rd period - Jack McBain wins face-off versus Shane Pinto in Philadelphia Phantoms zone.
12:37 of 3rd period - Penalty to Tyson Foerster is over, Tyson Foerster is back on ice.
12:40 of 3rd period - Rafael Harvey-Pinard is hit by Ben McCartney.
12:47 of 3rd period - Penalty to Yakov Trenin is over, Yakov Trenin is back on ice.
12:52 of 3rd period - Snap shot by Erik Gustafsson.
12:52 of 3rd period - Stopped by Dustin Wolf with a rebound.
12:54 of 3rd period - Wrist shot by Jack McBain.
12:54 of 3rd period - Stopped by Dustin Wolf with a rebound.
13:00 of 3rd period - Cole Sillinger is hit by Derrick Pouliot and loses puck.
13:17 of 3rd period - Snap shot by Yakov Trenin.
13:17 of 3rd period - Stopped by Connor Ingram with a rebound.
13:23 of 3rd period - Slapshot by Cole Sillinger.
13:23 of 3rd period - Stopped by Connor Ingram with a rebound.
13:40 of 3rd period - Off-side.
13:41 of 3rd period - Benoit-Olivier Groulx wins face-off versus Blake Lizotte in neutral zone.
13:46 of 3rd period - Wrist shot by Jacob Peterson.
13:46 of 3rd period - Stopped by Connor Ingram without a rebound.
13:47 of 3rd period - Alex Limoges wins face-off versus Nick Cousins in Philadelphia Phantoms zone.
13:54 of 3rd period - Wrist shot by Blake Lizotte.
13:54 of 3rd period - Shot Misses the Net.
14:02 of 3rd period - Snap shot by Blake Lizotte.
14:02 of 3rd period - Stopped by Dustin Wolf without a rebound.
14:03 of 3rd period - Cole Perfetti wins face-off versus Alex Steeves in Abbotsford Heat zone.
14:28 of 3rd period - Jacob Peterson is hit by Nathan Bastian and loses puck.
14:47 of 3rd period - Minor Penalty to Benoit-Olivier Groulx for Hooking.
14:48 of 3rd period - Blake Lizotte wins face-off versus Yakov Trenin in Abbotsford Heat zone.
14:55 of 3rd period - Wrist shot by Nick Cousins.
14:55 of 3rd period - Shot Misses the Net.
15:16 of 3rd period - Slapshot by Brad Hunt.
15:16 of 3rd period - Shot Blocked by Vincent Desharnais.
15:18 of 3rd period - Wrist shot by Brad Hunt.
15:18 of 3rd period - Goal by Brad Hunt - Philadelphia Phantoms : 5 - Abbotsford Heat : 4.
15:19 of 3rd period - Jack McBain wins face-off versus Benoit-Olivier Groulx in neutral zone.
15:21 of 3rd period - William Borgen is hit by Jacob Peterson and loses puck.
15:35 of 3rd period - Alex Limoges is hit by William Borgen and loses puck.
16:59 of 3rd period - Ben McCartney is hit by Gabriel Fortier and loses puck.
17:23 of 3rd period - Wrist shot by Mason Shaw.
17:23 of 3rd period - Goal by Mason Shaw - Philadelphia Phantoms : 6 - Abbotsford Heat : 4.
17:24 of 3rd period - Benoit-Olivier Groulx wins face-off versus Jack McBain in neutral zone.
17:55 of 3rd period - Snap shot by Erik Gustafsson.
17:55 of 3rd period - Shot Blocked by Ryan Merkley.
18:07 of 3rd period - Wrist shot by Benoit-Olivier Groulx.
18:07 of 3rd period - Shot Misses the Net.
18:09 of 3rd period - Snap shot by Ryan Merkley.
18:09 of 3rd period - Deflect By Benoit-Olivier Groulx.
18:09 of 3rd period - Stopped by Connor Ingram with a rebound.
18:11 of 3rd period - Slapshot by Ryan Merkley.
18:11 of 3rd period - Shot Blocked by Ben McCartney.
18:13 of 3rd period - Slapshot by Benoit-Olivier Groulx.
18:13 of 3rd period - Shot Misses the Net.
18:15 of 3rd period - Slapshot by Michael Anderson.
18:15 of 3rd period - Shot Misses the Net.
18:17 of 3rd period - Wrist shot by Benoit-Olivier Groulx.
18:17 of 3rd period - Stopped by Connor Ingram with a rebound.
18:19 of 3rd period - Slapshot by Benoit-Olivier Groulx.
18:19 of 3rd period - Shot Misses the Net.
18:21 of 3rd period - Slapshot by Michael Anderson.
18:21 of 3rd period - Shot Blocked by Derrick Pouliot.
18:23 of 3rd period - Wrist shot by Alex Limoges.
18:23 of 3rd period - Stopped by Connor Ingram with a rebound.
18:25 of 3rd period - Snap shot by Alex Limoges.
18:25 of 3rd period - Goal by Alex Limoges - Philadelphia Phantoms : 6 - Abbotsford Heat : 5.
18:26 of 3rd period - Mason Shaw wins face-off versus Yakov Trenin in neutral zone.
18:39 of 3rd period - Abbotsford Heat, Dustin Wolf is pulled from the net.
18:41 of 3rd period - Snap shot by Bobby Brink.
18:41 of 3rd period - Goal by Bobby Brink - Philadelphia Phantoms : 6 - Abbotsford Heat : 6.
18:41 of 3rd period - Dustin Wolf from Abbotsford Heat was sent back in the game.
18:42 of 3rd period - Jacob Peterson wins face-off versus Mason Shaw in neutral zone.
18:45 of 3rd period - Snap shot by Ryan Merkley.
18:45 of 3rd period - Deflect By Brad Hunt.
18:45 of 3rd period - Stopped by Connor Ingram without a rebound.
18:46 of 3rd period - Jacob Peterson wins face-off versus Mason Shaw in Philadelphia Phantoms zone.
18:49 of 3rd period - Wrist shot by Gabriel Fortier.
18:49 of 3rd period - Shot Misses the Net.
19:15 of 3rd period - Slapshot by Bobby Brink.
19:15 of 3rd period - Stopped by Connor Ingram without a rebound.
19:16 of 3rd period - Jack McBain wins face-off versus Cole Perfetti in Philadelphia Phantoms zone.
19:22 of 3rd period - Dennis Gilbert beats up Tyson Foerster.
19:22 of 3rd period - Penalty to Dennis Gilbert for Fighting.
19:22 of 3rd period - Penalty to Tyson Foerster for Fighting.
19:23 of 3rd period - Benoit-Olivier Groulx wins face-off versus Mason Shaw in neutral zone.
19:26 of 3rd period - Brad Hunt is hit by Michael Anderson and loses puck.
Goals for this period are 2 for Philadelphia Phantoms vs 2 for Abbotsford Heat.
Shots for this period are 22 for Philadelphia Phantoms vs 14 for Abbotsford Heat.
Overtime #1
0:01 of 1st overtime period - Yakov Trenin wins face-off versus Jaret Anderson-Dolan in neutral zone.
1:00 of 1st overtime period - Snap shot by Bobby Brink.
1:00 of 1st overtime period - Shot Misses the Net.
1:29 of 1st overtime period - William Borgen is hit by Filip Chlapik and loses puck.
1:45 of 1st overtime period - Nathan Bastian is hit by Daniil Miromanov and loses puck.
1:52 of 1st overtime period - Filip Chlapik is hit by Nathan Bastian and loses puck.
1:59 of 1st overtime period - Wrist shot by Jaret Anderson-Dolan.
1:59 of 1st overtime period - Stopped by Dustin Wolf without a rebound.
2:00 of 1st overtime period - Nick Cousins wins face-off versus Yakov Trenin in Abbotsford Heat zone.
2:01 of 1st overtime period - Snap shot by Blake Lizotte.
2:01 of 1st overtime period - Deflect By Nick Cousins.
2:01 of 1st overtime period - Stopped by Dustin Wolf without a rebound.
2:02 of 1st overtime period - Yakov Trenin wins face-off versus Blake Lizotte in Abbotsford Heat zone.
3:03 of 1st overtime period - Wrist shot by Jack McBain.
3:03 of 1st overtime period - Shot Misses the Net.
3:05 of 1st overtime period - Snap shot by Jack McBain.
3:05 of 1st overtime period - Stopped by Dustin Wolf without a rebound.
3:06 of 1st overtime period - Filip Chlapik wins face-off versus Jack McBain in Abbotsford Heat zone.
3:19 of 1st overtime period - Slapshot by Daniil Miromanov.
3:19 of 1st overtime period - Stopped by Connor Ingram without a rebound.
3:20 of 1st overtime period - Cole Sillinger wins face-off versus Jaret Anderson-Dolan in Philadelphia Phantoms zone.
3:21 of 1st overtime period - Snap shot by Yakov Trenin.
3:21 of 1st overtime period - Deflect By Jaret Anderson-Dolan.
3:21 of 1st overtime period - Shot Misses the Net.
3:21 of 1st overtime period - Puck is out of play.
3:22 of 1st overtime period - Nathan Bastian wins face-off versus Yakov Trenin in Philadelphia Phantoms zone.
4:18 of 1st overtime period - Icing by Nick Cousins.
4:19 of 1st overtime period - Yakov Trenin wins face-off versus Jaret Anderson-Dolan in Philadelphia Phantoms zone.
4:22 of 1st overtime period - Penalty to Dennis Gilbert is over, Dennis Gilbert is back on ice.
4:22 of 1st overtime period - Penalty to Tyson Foerster is over, Tyson Foerster is back on ice.
4:30 of 1st overtime period - Slapshot by Jaret Anderson-Dolan.
4:30 of 1st overtime period - Shot Misses the Net.
4:32 of 1st overtime period - Wrist shot by Blake Lizotte.
4:32 of 1st overtime period - Shot Blocked by Daniil Miromanov.
4:34 of 1st overtime period - Slapshot by Derrick Pouliot.
4:34 of 1st overtime period - Stopped by Dustin Wolf with a rebound.
Goals for this period are 0 for Philadelphia Phantoms vs 0 for Abbotsford Heat.
Shots for this period are 4 for Philadelphia Phantoms vs 1 for Abbotsford Heat.
ShootOut
5:00 of 1st overtime period - Round #1.
5:00 of 1st overtime period - Philadelphia Phantoms, Nick Cousins.
5:00 of 1st overtime period - Wrist shot by Nick Cousins.
5:00 of 1st overtime period - Shot Misses the Net.
5:00 of 1st overtime period - Abbotsford Heat, Yakov Trenin.
5:00 of 1st overtime period - Snap shot by Yakov Trenin.
5:00 of 1st overtime period - Stopped by Connor Ingram.
5:00 of 1st overtime period - Round #2.
5:00 of 1st overtime period - Philadelphia Phantoms, Blake Lizotte.
5:00 of 1st overtime period - Wrist shot by Blake Lizotte.
5:00 of 1st overtime period - Stopped by Dustin Wolf.
5:00 of 1st overtime period - Abbotsford Heat, Cole Sillinger.
5:00 of 1st overtime period - Snap shot by Cole Sillinger.
5:00 of 1st overtime period - Stopped by Connor Ingram.
5:00 of 1st overtime period - Round #3.
5:00 of 1st overtime period - Philadelphia Phantoms, Jaret Anderson-Dolan.
5:00 of 1st overtime period - Snap shot by Jaret Anderson-Dolan.
5:00 of 1st overtime period - Goal by Jaret Anderson-Dolan.
5:00 of 1st overtime period - Abbotsford Heat, Bobby Brink.
5:00 of 1st overtime period - Deke by Bobby Brink.
5:00 of 1st overtime period - Stopped by Connor Ingram.
Back to the Top